 Dungeon Crawl Stone Soup version 0.21.1-1-g345015fe64 (webtiles) character file.

67 Ivernyr the Charmwright (level 4, 15/34 HPs)
             Began as a Demonspawn Skald on Apr 26, 2018.
             Quit the game on level 2 of the Dungeon.
             The game lasted 00:06:31 (1683 turns).

Ivernyr the Charmwright (Demonspawn Skald)          Turns: 1683, Time: 00:06:32

Health: 15/34      AC:  4    Str: 11    XL:     4   Next: 0%
Magic:  2/7        EV: 12    Int: 14    God:
Gold:   51         SH:  0    Dex: 14    Spells: 2/7 levels left

rFire    . . .     SeeInvis .   a - +0 falchion
rCold    . . .     Gourm    .   (no shield)
rNeg     . . .     Faith    .   b - +0 leather armour
rPois    .         Spirit   .   (no helmet)
rElec    .         Reflect  .   (no cloak)
rCorr    .         Harm     .   (no gloves)
MR       .....                  (no boots)
Stlth    ++........             (no amulet)
HPRegen  1.11/turn              g - +1 ring of protection
MPRegen  0.10/turn              (no ring)

@: shrouded, very slightly contaminated
A: talons 1, nightstalker 1, powered by death 1
a: no special abilities


You were on level 2 of the Dungeon.
You were not hungry.

You visited 1 branch of the dungeon, and saw 3 of its levels.

You collected 51 gold pieces.

Inventory:

Hand Weapons
 a - a +0 falchion (weapon)
Armour
 b - a +0 leather armour (worn)
Jewellery
 g - a +1 ring of protection (left hand)
Scrolls
 f - 2 scrolls of remove curse {unknown}
 h - a scroll of fog {unknown}
 k - a scroll of immolation {unknown}
 l - a scroll of identify {unknown}
Potions
 e - a potion of haste {unknown}
 i - a potion of curing {unknown}
 j - 2 potions of brilliance {unknown}
Books
 c - a book of Battle

   Spells                             Type                      Level
   a - Infusion                       Charms                       1
   b - Shroud of Golubria             Charms/Translocation         2
   c - Song of Slaying                Charms                       2
   d - Spectral Weapon                Hexes/Charms                 3
   e - Regeneration                   Charms/Necromancy            3
Comestibles
 d - 4 rations


   Skills:
 + Level 2.5 Fighting
 + Level 2.3 Long Blades
 * Level 2.2 Armour
 - Level 1.7 Dodging
 - Level 2.0 Spellcasting
 + Level 3.1 Charms


You had 2 spell levels left.
You knew the following spells:

 Your Spells              Type           Power        Failure   Level  Hunger
a - Shroud of Golubria    Chrm/Tloc      #.........   26%         2    ###....
b - Song of Slaying       Chrm           ##......     13%         2    ###....
c - Infusion              Chrm           ##..         9%          1    ##.....


Dungeon Overview and Level Annotations

Branches:
Dungeon (3/15)

Altars:
Dithmenos
Fedhas
Kikubaaqudgha
Makhleb

Annotations:
D:3 DildoBatman's ghost, amateur FoWz


Innate Abilities, Weirdness & Mutations

You have sharp toenails.
You are slightly more attuned to the shadows.
You regenerate a little health from kills.


Message History

You hit the gnoll. Your kick misses the gnoll.
The gnoll is lightly wounded.
Casting: Shroud of Golubria
Confirm with . or Enter, or press ? or * to list all spells.
Space distorts slightly along a thin shroud covering your body.
The gnoll barely misses you.
You riposte.
You hit the gnoll.
The gnoll is heavily wounded.
You hit the gnoll.
The gnoll is almost dead.
The gnoll barely misses you.
You barely miss the gnoll.
The gnoll is almost dead.
The gnoll barely misses you.
You riposte.
You closely miss the gnoll.
The gnoll is almost dead.
You hit the gnoll.
You kill the gnoll!
You have reached level 4!
You feel agile.
Your demonic ancestry asserts itself...
You slip into the darkness of the dungeon.
Are you sure you want to abandon this character and quit the game? (Confirm with "yes".)

#g#.#....##.###'###.#.#....
#.#.#....##.# #.###.#.#....
#######.#.........# #...#.#.#....
..g.....#.#....#### ###.#.#.#....
###########....# #.#...#....
#..............# ###.#####....
#.##########...# #...........)
#>.........#...######.#.#####....
#...............@...#.#.#........
#...........#######<#.#.#..##....
#................................
#.>........#..#####.#.#.#..##....
#..........#..).........#..##....
#..........#.)######..........#'#
#................####.####.####.#
#.#######'###................##.#
#.# #...#.....###.######.##.#


There were no monsters in sight!

Vanquished Creatures
  An adder (D:2)
  A gnoll (D:2)
  3 dart slugs
  3 leopard geckos
  4 orcs
  2 ball pythons
  2 giant cockroaches
  A hobgoblin (D:2)
  5 bats
  2 frilled lizards (D:2)
  5 goblins
  6 kobolds
  4 rats
39 creatures vanquished.

Notes
Turn   | Place    | Note
-------+----------+-------------------------------------------
     0 | D:1      | Ivernyr the Demonspawn Skald began the quest for the Orb.
     0 | D:1      | Reached XP level 1. HP: 16/16 MP: 3/3
     8 | D:1      | Reached skill level 1 in Armour
    72 | D:1      | Gained mutation: You regenerate a little health from kills. [demonic ancestry]
    72 | D:1      | Reached XP level 2. HP: 17/22 MP: 5/5
   129 | D:1      | Learned a level 2 spell: Song of Slaying
   132 | D:1      | Learned a level 2 spell: Shroud of Golubria
   565 | D:2      | Found a burning altar of Makhleb.
   570 | D:2      | Noticed a cacodemon
   574 | D:2      | Noticed a neqoxec
   574 | D:2      | Noticed an orange demon
   653 | D:2      | Found a shadowy altar of Dithmenos.
   663 | D:2      | Found a blossoming altar of Fedhas.
   663 | D:2      | Found an ancient bone altar of Kikubaaqudgha.
   910 | D:2      | Gained mutation: You have sharp toenails. [demonic ancestry]
   910 | D:2      | Reached XP level 3. HP: 28/28 MP: 1/6
  1056 | D:2      | Reached skill level 3 in Charms
  1449 | D:3      | Noticed DildoBatman's ghost (amateur FoWz)
  1682 | D:2      | Gained mutation: You are slightly more attuned to the shadows. [demonic ancestry]
  1682 | D:2      | Reached XP level 4. HP: 14/34 MP: 2/7
  1683 | D:2      | Quit the game

Skill      XL: |  1  2  3 |
---------------+----------+-----
Armour         | 1 2 |  2.2
Long Blades    | 2 |  2.3
Charms         | 3 |  3.1
Fighting       | |  2.5
Dodging        | |  1.7
Spellcasting   | |  2.0

Action                   |  1- 3 |  4- 6 || total
-------------------------+-------+-------++-------
Melee: Falchion          |   105 |       ||   105
       Kick              |    10 |       ||    10
 Cast: Shroud of Golubri |     7 |       ||     7
       Song of Slaying   |     1 |       ||     1
 Stab: Sleeping          |     2 |       ||     2
  Eat: Ration            |     1 |       ||     1
       Chunk             |     1 |       ||     1
Armor: Leather armour    |    25 |       ||    25
Dodge: Dodged            |    91 |       ||    91
       Rpst.: Falchion   |    21 |       ||    21
